 Dungeon Crawl Stone Soup version 0.32-a0-22-g6ae6769602 (webtiles) character file.

Game seed: 11064366365318017651

46535 case the Executioner (level 14, 0/193 HPs)
             Began as a Minotaur Berserker on Jan 18, 2024.
             Was the Champion of Trog.
             Shot with an arrow by Nessos (10 damage)
             ... on level 5 of the Lair of Beasts.
             The game lasted 00:24:15 (14670 turns).

case the Executioner (Minotaur Berserker)          Turns: 14670, Time: 00:24:16

Health: 0/193      AC: 20    Str: 29    XL:     14   Next: 5%
Magic:  13/13      EV: 10    Int:  4    God:    Trog [******]
Gold:   978        SH:  0    Dex: 17    Spells: 13/13 levels left

rFire   + . .        b - +1 battleaxe of Shame {flame, Str+3}
rCold   + . .        (shield currently unavailable)
rNeg    + . .        G - +2 chain mail {rN+}
rPois   .            L - +2 hat
rElec   .            w - scarf {rC+ rF+}
rCorr   .            r - +2 pair of gloves
SInv    .            (no boots)
Will    ++++.        M - amulet of regeneration Stlth
                     e - +6 ring of dexterity
HPRegen 2.32/turn    I - ring of willpower
MPRegen 0.13/turn

%: no passive effects
@: berserking, lethally poisoned (0 -> -12), strong-willed, regenerating, very
quick
A: horns 2, retaliatory headbutt
a: Renounce Religion, Berserk, Trog's Hand, Brothers in Arms


You were on level 5 of the Lair of Beasts.
You worshipped Trog.
Trog was exalted by your worship.
You visited 2 branches of the dungeon, and saw 15 of its levels.
You also visited: Sewer.

You collected 978 gold pieces.

Inventory:

Hand Weapons
 b - the +1 battleaxe of Shame (weapon) {flame, Str+3}
   (Trog gifted it to you on level 3 of the Lair of Beasts)

   Str+3:     It affects your strength (+3).
 l - a +4 dagger of venom
 n - a +0 war axe of electrocution
 J - a +3 battleaxe of freezing
 Q - a +0 scimitar of flaming
Missiles
 v - 3 throwing nets (quivered)
Armour
 r - a +2 pair of gloves (worn)
 w - a scarf of resistance (worn)
 y - a +2 cloak
 G - a +2 chain mail of positive energy (worn)
 L - a +2 hat (worn)
 S - a +0 plate armour
Jewellery
 e - a +6 ring of dexterity (left hand)
 j - a ring of positive energy
 u - a ring of protection from cold
 I - a ring of willpower (right hand)
 M - an amulet of regeneration (around neck)
 P - a ring of protection from cold
Wands
 h - a wand of iceblast (28)
 k - a wand of flame (76)
 H - a wand of mindburst (5)
Scrolls
 c - 9 scrolls of teleportation
 d - a scroll of fog
 f - a scroll of torment {unknown}
 p - 3 scrolls of revelation
 t - 2 scrolls of immolation
 B - 2 scrolls of fear
 D - 3 scrolls of poison
 F - 2 scrolls of butterflies
 K - 2 scrolls of noise
 O - a scroll of vulnerability {unknown}
 T - a scroll of enchant weapon
Potions
 a - 4 potions of brilliance
 g - a potion of attraction {unknown}
 i - 3 potions of lignification {unknown}
 m - 9 potions of curing
 o - a potion of enlightenment {unknown}
 q - 2 potions of berserk rage
 s - 4 potions of mutation
 x - 4 potions of haste
 z - 2 potions of heal wounds {unknown}
 A - 2 potions of might
 C - 2 potions of ambrosia {unknown}
 E - 2 potions of invisibility {unknown}
 N - 2 potions of resistance {unknown}


   Skills:
 + Level 13.5 Fighting
 * Level 24.0 Axes
 + Level 13.8 Armour
 - Level 2.1 Dodging


You had 13 spell levels left.
You didn't know any spells.
Your spell library was empty.

Dungeon Overview and Level Annotations

Branches:
Dungeon (10/15)            Temple (0/1) D:6            Lair (5/5) D:10
 Shoals (0/4) Lair:2        Snake (0/4) Lair:3        Slime (0/5) Lair:5
  Sewer (visited)
    Orc: D:9-12

Altars:
Ashenzari
Elyvilon
Fedhas
Gozag
Kikubaaqudgha
Makhleb
Ru
Sif Muna
Wu Jian
Yredelemnul
The Shining One
Jiyva

Shops:
D:2 [   D:5 *   D:9 !   D:10 *

Annotations:
D:5 2 transporters, Eboss360's ghost, novice MiBe
Lair:5 Nessos


Innate Abilities, Weirdness & Mutations

You have a pair of horns on your head.
You reflexively headbutt those who attack you in melee.


Message History

The black bear bites you but does no damage.
The black bear claws you but does no damage.
The black bear misses you.
You cut the black bear into ribbons!!! You burn the black bear!
You feel the power of Trog in you as your rage grows.
You kill the black bear!
Trog accepts your kill.
You barely miss the polar bear.
You feel very sick. The polar bear barely misses you.
The polar bear claws you but does no damage. x2
Nessos shoots an arrow.
The arrow hits you!!
* * * LOW HITPOINT WARNING * * *
The arrow burns you.
You are more poisoned.
* * * LOW HITPOINT WARNING * * *
* * * LOW HITPOINT WARNING * * *
You feel extremely sick.
Nessos mumbles some strange words.
Nessos blinks!
The polar bear attacks as it pursues you!
The polar bear bites you but does no damage.
The polar bear barely misses you.
The polar bear claws you but does no damage.
You see here a black bear corpse.
You are too berserk!
You slice the polar bear!! You burn the polar bear.
You kill the polar bear!
Trog accepts your kill.
* * * LOW HITPOINT WARNING * * *
You feel very sick.
Nessos shoots an arrow.
The arrow hits you.
* * * LOW HITPOINT WARNING * * *
The arrow burns you.
* * * LOW HITPOINT WARNING * * *
You hear a bark!
* * * LOW HITPOINT WARNING * * *
You feel very sick.
Nessos shoots an arrow.
The arrow hits you!
You die...

###P..P..... ##P..P....
##....... # #####
####.†.....
#.#..#.##########...#†....#
#$..§#.##.#.#.#.....#.....
###...†#§#....††......#....
....§§§#§§.†....#.[.#######
##..§§#§§§@#...#.####
##.?h§##..####### ....###
#.c# h... #.... .. ##....
##..... ##.#. ##


You could see Nessos (fast).

Vanquished Creatures
  Rupert (Lair:5)
  Snorg (Lair:5)
  3 hydras
  A centaur warrior (D:10)
  Erica (Lair:2)
  2 two-headed ogres (D:10)
  4 death yaks (Lair:4)
  A hell hog (Lair:5)
  A skyshark (Lair:4)
  Nergalle (Lair:2)
  Pikel (D:5)
  A manticore (Lair:2)
  9 elephants
  6 black mambas
  2 torpor snails (Lair:1)
  15 cane toads
  2 rime drakes
  11 komodo dragons
  A troll (D:9)
  2 hornets (Lair:1)
  8 blink frogs (Lair:3)
  8 polar bears
  A wind drake (Lair:2)
  Grinder (D:5)
  5 dream sheep (Lair:4)
  2 wyverns
  A wraith (D:10)
  31 yaks
  3 basilisks
  2 wargs (Lair:5)
  A steam dragon (Lair:1)
  8 vampire mosquitoes (D:10)
  Menkaure (D:5)
  2 nagas (Lair:3)
  11 water moccasins
  4 hell hounds (Lair:5)
  Duvessa (D:5)
  3 orc warriors
  Pargi (Sewer)
  11 black bears
  2 sky beasts (D:6)
  The ghost of jasper the Covered, an amateur DgFi (D:4)
  An ogre (D:4)
  3 centaurs
  20 wolves
  4 lemures (D:5)
  2 phantoms
  2 brain worms (Sewer)
  3 kobold brigands (D:10)
  17 bullfrogs
  3 scorpions
  6 wights
  Dowan (D:5)
  37 killer bees
  2 howler monkeys (D:7)
  2 electric eels (Lair:1)
  2 bombardier beetles
  5 jellies
  A gnoll bouda (D:4)
  5 orc priests
  Crazy Yiuf (D:5)
  3 hounds
  3 sleepcaps
  10 orc wizards
  5 hell rats (Lair:3)
  9 adders
  8 gnolls
  A shadow imp (D:5)
  A white imp (D:5)
  4 ufetubi
  A ribbon worm (D:2)
  2 dart slugs
  27 orcs
  4 bats
  3 endoplasms
  3 giant cockroaches
  10 goblins
  5 hobgoblins
  22 kobolds
  2 quokkas
  6 ball pythons
  6 frilled lizards
  6 rats
432 creatures vanquished.

Notes
Turn   | Place    | Note
-------+----------+-------------------------------------------
     0 | D:1      | case the Minotaur Berserker began the quest for the Orb.
     0 | D:1      | Reached XP level 1. HP: 19/19 MP: 0/0
    43 | D:1      | Reached skill level 4 in Axes
    47 | D:1      | Reached XP level 2. HP: 15/26 MP: 1/1
   767 | D:2      | Reached skill level 5 in Axes
   801 | D:2      | Reached XP level 3. HP: 30/31 MP: 2/2
   897 | D:2      | Found Xurrur's Antique Armour Shoppe.
  1018 | D:2      | Found a basalt altar of Yredelemnul.
  1320 | D:3      | Reached ** piety under Trog
  1768 | D:3      | Reached skill level 6 in Axes
  1768 | D:3      | Reached XP level 4. HP: 35/39 MP: 3/3
  2097 | D:4      | Noticed an ogre
  2106 | D:4      | Killed an ogre
  2107 | D:4      | Reached skill level 7 in Axes
  2107 | D:4      | Reached XP level 5. HP: 9/45 MP: 4/4
  2361 | D:4      | Found a runed translucent gate.
  2362 | D:4      | Found a runed translucent gate.
  2362 | D:4      | Found a runed translucent gate.
  2363 | D:4      | Found an opulent altar of Gozag.
  2364 | D:4      | Noticed a black bear
  2365 | D:4      | Noticed jasper's ghost (amateur DgFi)
  2392 | D:4      | Reached skill level 8 in Axes
  2407 | D:4      | Reached XP level 6. HP: 25/51 MP: 5/5
  2509 | D:4      | Found a glowing drain.
  2518 | Sewer    | Entered a sewer
  2613 | Sewer    | Noticed Pargi
  2619 | Sewer    | Killed Pargi
  2620 | Sewer    | Reached skill level 9 in Axes
  2783 | D:4      | Reached XP level 7. HP: 57/57 MP: 6/6
  2988 | D:4      | Reached skill level 10 in Axes
  3332 | D:4      | Killed jasper's ghost
  3334 | D:4      | Reached skill level 11 in Axes
  3519 | D:5      | Entered Level 5 of the Dungeon
  3519 | D:5      | Noticed Grinder
  3539 | D:5      | Killed Grinder
  3540 | D:5      | Reached XP level 8. HP: 64/64 MP: 7/7
  3572 | D:5      | Noticed Duvessa
  3572 | D:5      | Noticed Dowan
  3672 | D:5      | Found a transporter.
  3682 | D:5      | Reached skill level 12 in Axes
  3697 | D:5      | Noticed Menkaure
  3703 | D:5      | Killed Menkaure
  3726 | D:5      | Found a transporter.
  3728 | D:5      | Noticed Eboss360's ghost (novice MiBe)
  3832 | D:5      | Noticed Pikel
  3855 | D:5      | Killed Pikel
  3856 | D:5      | Reached skill level 13 in Axes
  3905 | D:5      | Found a burning altar of Makhleb.
  3974 | D:5      | Killed Duvessa
  3975 | D:5      | Reached skill level 14 in Axes
  3976 | D:5      | Killed Dowan
  4097 | D:5      | Found Hucu's Assorted Antiques.
  4116 | D:5      | Reached XP level 9. HP: 70/70 MP: 8/8
  4131 | D:5      | Found a white marble altar of Elyvilon.
  4350 | D:5      | Found a runed translucent door.
  4351 | D:5      | Noticed Crazy Yiuf
  4357 | D:5      | Killed Crazy Yiuf
  4388 | D:6      | Found a shimmering blue altar of Sif Muna.
  4388 | D:6      | Found a glowing golden altar of the Shining One.
  4393 | D:6      | Found a blossoming altar of Fedhas.
  4430 | D:6      | Found a broken altar of Ashenzari.
  4797 | D:6      | Reached skill level 15 in Axes
  5002 | D:6      | Reached *** piety under Trog
  5243 | D:6      | Found a staircase to the Ecumenical Temple.
  5585 | D:7      | Found an ancient bone altar of Kikubaaqudgha.
  5751 | D:7      | Reached skill level 16 in Axes
  5769 | D:7      | Reached skill level 5 in Fighting
  5772 | D:7      | Reached XP level 10. HP: 69/81 MP: 9/9
  5833 | D:7      | Found an opulent altar of Gozag.
  6316 | D:8      | Reached skill level 5 in Armour
  6318 | D:8      | Reached **** piety under Trog
  6671 | D:8      | Reached skill level 17 in Axes
  7006 | D:9      | Found a sacrificial altar of Ru.
  7555 | D:9      | Found Oxexyl's Distillery.
  7593 | D:9      | Identified a scroll of acquirement
  7596 | D:9      | Acquired a manual of Axes
  7843 | D:10     | Entered Level 10 of the Dungeon
  7940 | D:10     | Found a staircase to the Lair.
  7949 | D:10     | Reached skill level 18 in Axes
  8056 | D:10     | Found Celeim's General Store.
  8237 | D:10     | Found an ornate altar of the Wu Jian Council.
  8247 | D:10     | Reached XP level 11. HP: 91/92 MP: 10/10
  8350 | D:10     | Noticed a centaur warrior
  8355 | D:10     | Killed a centaur warrior
  8793 | D:10     | Noticed a two-headed ogre
  8799 | D:10     | Killed a two-headed ogre
  8800 | D:10     | Reached skill level 19 in Axes
  8931 | D:10     | Noticed a two-headed ogre
  8937 | D:10     | Killed a two-headed ogre
  9508 | Lair:1   | Entered Level 1 of the Lair of Beasts
  9819 | Lair:1   | Reached skill level 20 in Axes
  9917 | Lair:1   | Reached ***** piety under Trog
 10449 | Lair:1   | Reached XP level 12. HP: 71/105 MP: 11/11
 10513 | Lair:1   | Reached skill level 10 in Armour
 10601 | Lair:1   | Reached skill level 21 in Axes
 10609 | Lair:1   | Reached skill level 10 in Fighting
 10883 | Lair:2   | Found a staircase to the Shoals.
 10923 | Lair:2   | Noticed Nergalle
 10934 | Lair:2   | Killed Nergalle
 11379 | Lair:2   | Noticed a seven-headed hydra
 11392 | Lair:2   | Killed a seven-headed hydra
 11762 | Lair:2   | Reached skill level 22 in Axes
 11838 | Lair:2   | Noticed Erica
 11845 | Lair:2   | Killed Erica
 12125 | Lair:2   | Reached XP level 13. HP: 35/117 MP: 12/12
 12203 | Lair:2   | Found an opulent altar of Gozag.
 12774 | Lair:3   | Found a staircase to the Snake Pit.
 12846 | Lair:3   | Reached ****** piety under Trog
 12849 | Lair:3   | Identified the +1 battleaxe of Shame {flame, Str+3} (Trog
                  | gifted it to you on level 3 of the Lair of Beasts)
 12849 | Lair:3   | Received a gift from Trog
 13482 | Lair:4   | Reached skill level 23 in Axes
 14193 | Lair:5   | Entered Level 5 of the Lair of Beasts
 14287 | Lair:5   | Noticed Rupert
 14296 | Lair:5   | Killed Rupert
 14412 | Lair:5   | Found a staircase to the Slime Pits.
 14415 | Lair:5   | Found a viscous altar of Jiyva.
 14439 | Lair:5   | Noticed Snorg
 14450 | Lair:5   | Killed Snorg
 14643 | Lair:5   | Noticed Nessos
 14644 | Lair:5   | Reached XP level 14. HP: 73/129 MP: 13/13
 14656 | Lair:5   | Reached skill level 24 in Axes
 14670 | Lair:5   | Shot with an arrow by Nessos

Illustrated notes

Levels and vault maps discovered:
D:1:      dpeg_arrival_rooms_a, layout_basic
D:2:      layout_loops_ring, serial_shops, nicolae_shop_hallway_stairs,
          basic_altar, serial_park_tiny_1, corexii_leaking_fountain
D:3:      layout_basic
D:4:      layout_loops_ring, ebering_ghost_gozag, cheibrodos_sewer_entry_drain,
          chequers_serial_rivers_micro_c
D:5:      layout_cave_pools, elyvilon_altar_4, bloody_makhleb,
          gammafunk_ghost_arena, serial_shops, shop, minivault_4,
          serial_library_hellmonk_metal_room, uniq_menkaure, uniq_duvessa,
          uniq_grinder, uniq_pikel, uniq_crazy_yiuf_cottage
D:6:      layout_loops_ring, nicolae_overflow_macrodata_refinement,
          minmay_temple_entry_enclosed_plants, supply_closet_lemuel,
          hangedman_decor_clover_reticule, minmay_misc_feat_x
D:7:      layout_basic, nicolae_gozag_seed_capital,
          mainiacjoe_overflow_brackets, serial_rivers,
          chequers_serial_rivers_small_b, chequers_serial_rivers_micro_e,
          chequers_serial_rivers_room_b, chequers_serial_rivers_small_b,
          chequers_serial_rivers_micro_e, chequers_serial_rivers_micro_e,
          corexii_item_surrounded_by_moat
D:8:      layout_cave_pools
D:9:      layout_irregular_city, nicolae_ru_great_annihilating_truth,
          serial_shops, nicolae_shop_real_fake_doors
D:10:     layout_stronghold, lemuel_doored_altar,
          grunt_lair_entry_orc_guard_hut, serial_shops,
          nicolae_shop_pleasant_corner_grove
Lair:1:   layout_chaotic_city, beast_lair_carwin_11, serial_bayou_shore_a,
          grunt_megastairs_2
Lair:2:   wad_woods_minihive, layout_cellular_growth,
          minmay_shoals_entry_beasts, basic_altar, nicolae_lair_lil_pond,
          beast_lair_carwin_3, uniq_nergalle, uniq_erica
Lair:3:   layout_cave_pods, guppyfry_snake_entry_garden, grunt_megastairs_4
Lair:4:   beargit_carnivore_pack, layout_misc_corridors
Lair:5:   hangedman_lair_caniforms_friends, layout_loops_ring, slime_entry_1,
          lemuel_old_faithful, uniq_nessos, uniq_snorg, uniq_rupert

Skill      XL: |  1  2  3  4  5  6  7  8  9 10 11 12 13 14 |
---------------+-------------------------------------------+-----
Axes           | 4 5 6 7 8 9 11 14 16 18 20 22 23 24 | 24.0
Armour         | 4 7 9 12 13 | 13.8
Fighting       | 5 7 9 11 13 | 13.5
Dodging        | |  2.1

Action                     |  1- 3 |  4- 6 |  7- 9 | 10-12 | 13-15 || total
---------------------------+-------+-------+-------+-------+-------++-------
  Melee: Hand axe          |    67 |    56 |       |       |       ||   123
         Headbutt          |     7 |     9 |    35 |   104 |    49 ||   204
         Punch             |     1 |     1 |     3 |     8 |       ||    13
         War axe           |       |     2 |   226 |   477 |    56 ||   761
         Battleaxe         |       |       |       |    27 |   173 ||   200
         Dagger            |       |       |       |     8 |       ||     8
 Invoke: Berserk           |       |     3 |     4 |     4 |     2 ||    13
         Trog's Hand       |       |       |     1 |     1 |     1 ||     3
    Use: Scroll            |       |     2 |    10 |    12 |     3 ||    27
   Stab: Sleeping          |     1 |       |       |       |       ||     1
         Paralysed         |       |       |       |     1 |       ||     1
 Armour: Animal skin       |    23 |       |       |       |       ||    23
         Chain mail        |    15 |    42 |   153 |   510 |   268 ||   988
  Dodge: Dodged            |    50 |    29 |    74 |   233 |   134 ||   520

Table legend: (Time is in decaauts)
 A = Elapsed time spent in this place.
 B = Non-inter-level travel time spent in this place.
 C = Inter-level travel time spent in this place.
 D = Time resting spent in this place.
 E = Time spent auto-exploring this place.
 F = Levels seen in this place.
 G = Mean time per level.
                   A        B        C        D        E       F      G
               +--------+--------+--------+--------+--------+-----+--------+
         Total |  14567 |  14124 |    443 |    387 |  11271 |  16 |  910.4 |
       Dungeon |   9261 |   8958 |    303 |     32 |   7611 |  10 |  926.1 |
          Lair |   5054 |   4914 |    140 |    345 |   3520 |   5 | 1010.8 |
         Sewer |    251 |    251 |      0 |      9 |    139 |   1 |  251.0 |
               +--------+--------+--------+--------+--------+-----+--------+

Top non-repeatable levels by time:
    D:10: 1641 daAuts
  Lair:2: 1444 daAuts
  Lair:1: 1351 daAuts
     D:4: 1325 daAuts
  Lair:3: 1077 daAuts
     D:6: 1027 daAuts
     D:7: 857 daAuts
     D:9: 856 daAuts
     D:5: 811 daAuts
     D:3: 805 daAuts
     D:1: 767 daAuts
  Lair:4: 723 daAuts
     D:8: 662 daAuts
     D:2: 505 daAuts
  Lair:5: 457 daAuts
